Map: Thunderbird LE

Players

ZhuGeLiang

  • Race: Zerg Zerg
  • League: Grandmaster
  • Spawn Location: 11:00

PtitDrogo - Winner!

  • Race: Protoss Protoss
  • League: Grandmaster
  • Spawn Location: 5:00

Event: NationWars 2019

VOD

Have the link to the VOD?

Description

Time

  • Played on: Nov. 14, 2019, 3:59 p.m.
  • Length: 6:24
Show
View Real Time Build Order
Export as new Build Order

ZhuGeLiang Zerg 

Build Orders: Hatch First 

Get SALT Encoding   

  12  0:01  Drone  
  13  0:13  Overlord  
  13  0:18  Drone  
  14  0:31  Drone x2  
  16  0:48  Drone x2  
  18  0:56  Hatchery  
  17  0:58  Drone  
  18  1:12  Spawning Pool  
  18  1:14  Drone  
  18  1:18  Drone  
  18  1:23  Extractor  
  18  1:28  Drone  
  19  1:40  Drone  
  20  1:50  Overlord  
  20  1:58  Queen  
  22  2:07  Queen  
  24  2:08  Drone  
  24  2:09  Zergling x2  
  24  2:11  Zergling x2  
  27  2:18  Drone  
  28  2:23  Metabolic Boost  
  28  2:25  Drone  
  29  2:31  Drone  
  29  2:35  Hatchery  
  29  2:38  Drone  
  29  2:42  Drone  
  31  2:46  Overlord  
  31  2:51  Queen  
  31  2:55  Drone  
  31  2:56  Drone  
  35  3:03  Drone  
  36  3:10  Drone  
  36  3:11  Drone x2  
  39  3:13  Drone  
  40  3:21  Drone x4  
  40  3:25  Overlord  
  44  3:32  Overlord  
  44  3:35  Spore Crawler  
  44  3:37  Spore Crawler, Zergling x2  
  44  3:41  Zergling x2  
  44  3:42  Overlord  
  44  3:43  Zergling x2  
  44  3:44  Zergling x2  
  46  3:49  Drone  
  46  3:50  Zergling x2  
  46  3:53  Drone  
  49  3:57  Drone  
  49  3:58  Drone  
  51  4:04  Spore Crawler  
  51  4:06  Drone x2  
  51  4:07  Drone x2, Evolution Chamber  
  51  4:09  Drone  
  54  4:13  Drone  
  54  4:14  Drone x2  
  57  4:18  Lair  
  57  4:20  Overlord  
  57  4:23  Zergling x2  
  57  4:24  Zergling x4  
  60  4:26  Queen  
  62  4:32  Zergling x8  
  62  4:33  Zergling x2  
  67  4:41  Extractor  
  66  4:48  Overlord  
  66  4:50  Queen  
  68  4:57  Drone  
  68  4:58  Drone x9  
  78  5:01  Overlord  
  78  5:04  Overlord  
  77  5:09  Overlord  
  77  5:11  Zergling x6  
  74  5:25  Zergling x10  
  68  5:28  Zergling x4  
  65  5:35  Zergling x2  
  65  5:36  Zergling x6, Queen  
  65  5:37  Queen  
  65  5:41  Hydralisk Den  
  71  5:45  Zergling x2  
  71  5:46  Zergling x4  
  69  5:52  Zergling x4  
  64  6:00  Drone x5  
Show
View Real Time Build Order
Export as new Build Order

PtitDrogo Protoss - Winner!

Build Orders: 1 Gate Expand, Zealot Archon, Archon Drop, Dark Templar Rush 

Get SALT Encoding   

  12  0:00  Probe  
  13  0:13  Probe  
  14  0:19  Pylon  
  14  0:25  Probe  
  15  0:38  Gateway  
  15  0:39  Probe (Chrono Boost)  
  16  0:48  Probe (Chrono Boost)  
  17  0:50  Assimilator  
  17  0:53  Probe (Chrono Boost)  
  18  1:05  Probe  
  19  1:18  Probe  
  20  1:26  Nexus  
  20  1:35  Cybernetics Core  
  20  1:38  Probe  
  21  1:43  Assimilator  
  21  1:50  Probe  
  22  1:55  Pylon  
  22  2:02  Probe  
  23  2:10  Adept (Chrono Boost)  
  23  2:14  Probe  
  26  2:18  Twilight Council  
  26  2:21  Warp Gate  
  26  2:26  Probe  
  27  2:32  Stalker  
  29  2:38  Probe (Chrono Boost)  
  29  2:39  Probe (Chrono Boost)  
  31  2:48  Probe x2 (Chrono Boost)  
  33  2:53  Probe x2 (Chrono Boost)  
  33  2:56  Robotics Facility  
  35  3:05  Probe x2  
  37  3:17  Probe x2  
  37  3:18  Dark Shrine  
  39  3:29  Probe x2  
  39  3:31  Gateway  
  39  3:32  Gateway  
  41  3:35  Gateway  
  41  3:41  Warp Prism (Chrono Boost)  
  41  3:46  Probe  
  45  3:51  Assimilator  
  45  3:53  Assimilator  
  45  3:55  Pylon  
  44  3:57  Probe  
  45  4:04  Probe  
  45  4:06  Pylon  
  46  4:13  Probe  
  46  4:14  Adept  
  46  4:16  Probe  
  50  4:22  Pylon  
  50  4:25  Probe  
  50  4:28  Probe  
  52  4:33  Dark Templar x3  
  52  4:37  Probe, Dark Templar  
  52  4:38  Archon  
  61  4:41  Pylon  
  61  4:42  Archon  
  61  4:54  Charge (Chrono Boost)  
  60  5:06  Zealot x3  
  66  5:10  Zealot  
  68  5:26  Probe  
  68  5:27  Zealot  
  68  5:28  Zealot x2  
  73  5:30  Nexus  
  73  5:31  Probe  
  73  5:33  Pylon  
  73  5:35  Zealot  
  70  5:41  Probe  
  71  5:43  Probe  
  72  5:55  Zealot x4  
  78  5:58  Probe x2  
  80  6:10  Probe  
Tags
 
Add a new tag
Caveats
  • Supply blocks, unpowered buildings, or Contaminate may cause inaccurate times.
  • Supply counts are checked every 10 seconds.